 Dungeon Crawl Stone Soup version 0.24-a0-584-g9d6b971ae4 (webtiles) character file.

Game seed: 9840889223081995322, levelgen mode: deterministic

1874 kdc the Thaumaturge (level 8, -2/41 HPs)
             Began as a Deep Elf Fire Elementalist on Sept 2, 2019.
             Was a Follower of Vehumet.
             Slain by a shadow (31 damage)
             ... on level 7 of the Dungeon.
             The game lasted 00:28:02 (9056 turns).

kdc the Thaumaturge (Deep Elf Fire Elementalist)    Turns: 9056, Time: 00:28:02

Health: -2/41      AC:  7    Str:  5    XL:     8   Next: 91%
Magic:  10/22      EV: 14    Int: 27    God:    Vehumet [*.....]
Gold:   302        SH:  0    Dex: 15    Spells: 2/24 levels left

rFire    . . .     SeeInvis .   u - +2 mace (protect)
rCold    . . .     Gourm    .   (no shield)
rNeg     . . .     Faith    .   a - +0 robe
rPois    .         Spirit   .   m - +2 hat
rElec    .         Reflect  .   A - +0 cloak
rCorr    .         Harm     .   (no gloves)
MR       .....                  d - +1 pair of boots
Stlth    ++........             (no amulet)
HPRegen  0.13/turn              w - +4 ring of intelligence
MPRegen  0.18/turn              (no ring)

@: lethally poisoned (-2 -> -5)
A: no striking features
a: Renounce Religion


You were on level 7 of the Dungeon.
You worshipped Vehumet.
Vehumet was aware of your devotion.
You were not hungry.

You visited 2 branches of the dungeon, and saw 8 of its levels.

You collected 302 gold pieces.

Inventory:

Hand Weapons
 s - a +0 club
 u - a +2 mace of protection (weapon)
Armour
 a - a +0 robe (worn)
 d - a +1 pair of boots (worn)
 m - a +2 hat (worn)
 A - a +0 cloak (worn)
Jewellery
 t - an uncursed ring of magical power {unknown}
 w - a +4 ring of intelligence (left hand)
 B - an uncursed ring of ice
Wands
 x - a wand of paralysis (10)
 y - a wand of disintegration (6)
 z - a wand of polymorph (4)
Scrolls
 f - a scroll of fog
 i - 2 scrolls of remove curse
 j - 2 scrolls of identify
 l - a scroll of enchant weapon {unknown}
 n - 4 scrolls of teleportation
 p - 3 scrolls of immolation
 v - a scroll of fear
Potions
 b - a potion of brilliance {unknown}
 e - a potion of cancellation
 g - 3 potions of flight
 h - 2 potions of agility {unknown}
 k - a potion of curing
 o - 2 potions of heal wounds {unknown}
 q - 2 potions of haste
 r - 4 potions of lignification {unknown}
Comestibles
 c - 15 rations


   Skills:
 - Level 3.5 Dodging
 - Level 2.4 Stealth
 + Level 8.6 Spellcasting
 + Level 8.2 Conjurations
 * Level 2.4 Hexes
 - Level 6.8 Fire Magic


You had 2 spell levels left.
You knew the following spells:

 Your Spells              Type           Power        Failure   Level  Hunger
a - Flame Tongue          Conj/Fire      #####        1%          1    None
b - Throw Flame           Conj/Fire      ######       1%          2    None
c - Conjure Flame         Conj/Fire      ######..     1%          3    None
d - Sticky Flame          Conj/Fire      ######..     2%          4    #......
e - Dazzling Spray        Conj/Hex       #####.       1%          3    None
f - Tukima's Dance        Hex            ###.....     5%          3    None
g - Shock                 Conj/Air       ####         1%          1    None
h - Fireball              Conj/Fire      ######....   6%          5    ####...

Your spell library contained the following spells:

 Spells                   Type           Power        Failure   Level  Hunger
 Corona                   Hex            ###....      1%          1    None
 Ensorcelled Hibernation  Hex/Ice        ###...       4%          2    None
 Inner Flame              Hex/Fire       #####...     2%          3    None
 Confuse                  Hex            ###.....     5%          3    None


Dungeon Overview and Level Annotations

Branches:
Dungeon (7/15)             Temple (1/1) D:4

Altars:
Ashenzari
Cheibriados
Dithmenos
Elyvilon
Fedhas
Gozag
Hepliaklqana
Kikubaaqudgha
Makhleb
Nemelex Xobeh
Okawaru
Qazlal
Ru
Sif Muna
Trog
Uskayaw
Vehumet
Wu Jian
Xom
Yredelemnul
Zin


Message History

Aiming: Sticky Flame (safe; 2% risk of failure)
Press: ? - help, Shift-Dir - straight line, f/p - shadow
Aim: a shadow (moderately damaged)
The sticky flame hits the shadow but does no damage.
The shadow is moderately damaged.
The shadow slips into darkness.
The shadow flickers and vanishes!
Deactivating autopickup; reactivate with Ctrl-A.
Casting: Sticky Flame (safe; 2% risk of failure)
Confirm with . or Enter, or press ? or * to list all spells.
Okay, then.
Casting: Sticky Flame (safe; 2% risk of failure)
Confirm with . or Enter, or press ? or * to list all spells.
Aiming: Sticky Flame (safe; 2% risk of failure)
Press: ? - help, Shift-Dir - straight line The sticky flame hits something but does no damage.
You feel sick.
The shadow strikes at you from the darkness!
Ouch! That really hurt!
You die...

## ##### #.. # ...
#÷..# #.# #.. .....
#÷☼.####.# ##...#
...##.
#.()##...###...#..
>.... #.###
#>.#.......# ...##
##.# ##..#.##
....#####.###...@{.#
.......###.##^...#..#
..........÷........#.#
........##....>....###
....###.##........##
...## #<.........##
#..########.#...##
##..........##.##
###############


There were no monsters in sight!

Vanquished Creatures
  Pikel (D:5)
  Sigmund (D:2)
  Eustachio (D:5)
  An orc warrior (D:7)
  2 ogres
  A centaur (D:5)
  2 scorpions
  A howler monkey (D:4)
  2 crimson imps
  An orc priest (D:3)
  A bullfrog skeleton (D:4)
  A hound (D:4)
  Crazy Yiuf (D:6)
  An orc wizard (D:5)
  An iguana (D:5)
  8 worker ants
  A hound skeleton (D:3)
  A worker ant zombie (D:3)
  4 gnolls (D:3)
  6 adders
  2 shadow imps (D:3)
  2 adder zombies
  An adder skeleton (D:3)
  3 worms
  2 dart slugs
  3 leopard geckos
  19 orcs
  4 ball pythons
  5 giant cockroaches
  A goblin (D:1)
  9 hobgoblins
  4 jackals
  3 kobolds
  3 quokkas
  7 bats
  5 frilled lizards
  A quokka skeleton (D:3)
  A quokka zombie (D:3)
  6 rats
119 creatures vanquished.

Vanquished Creatures (others)
  A dancing weapon (D:7)
  A slave (D:5)
  An orc wizard (D:5)
  An adder zombie (D:5)
  An orc (D:5)
5 creatures vanquished.

Grand Total: 124 creatures vanquished

Notes
Turn   | Place    | Note
-------+----------+-------------------------------------------
     0 | D:1      | kdc the Deep Elf Fire Elementalist began the quest for the
                  | Orb.
     0 | D:1      | Reached XP level 1. HP: 10/10 MP: 6/6
   462 | D:1      | Reached XP level 2. HP: 15/15 MP: 5/8
   468 | D:1      | Learned a level 2 spell: Throw Flame
   506 | D:1      | Found a sparkling altar of Nemelex Xobeh.
  1204 | D:2      | Reached XP level 3. HP: 19/19 MP: 5/9
  1422 | D:2      | Noticed Sigmund
  1731 | D:2      | Learned a level 3 spell: Conjure Flame
  1822 | D:3      | Found a transporter.
  1824 | D:3      | Reached XP level 4. HP: 24/24 MP: 9/11
  1848 | D:3      | Found a transporter.
  2285 | D:3      | Found a bloodstained altar of Trog.
  2594 | D:3      | Reached XP level 5. HP: 28/28 MP: 4/13
  2887 | D:3      | Learned a level 4 spell: Sticky Flame
  3262 | D:4      | Noticed an ogre
  3265 | D:4      | Reached skill level 5 in Fire Magic
  3280 | D:4      | Killed an ogre
  3280 | D:4      | Reached skill level 5 in Spellcasting
  3280 | D:4      | Reached XP level 6. HP: 32/32 MP: 0/15
  3462 | D:4      | Found a staircase to the Ecumenical Temple.
  3485 | Temple   | Entered the Ecumenical Temple
  3585 | Temple   | Became a worshipper of Vehumet
  4664 | D:2      | Killed Sigmund
  4664 | D:2      | Reached skill level 5 in Conjurations
  4664 | D:2      | Reached XP level 7. HP: 30/36 MP: 8/18
  5339 | D:5      | Entered Level 5 of the Dungeon
  5358 | D:5      | Noticed Eustachio
  5490 | D:4      | Learned a level 3 spell: Dazzling Spray
  5915 | D:5      | Noticed Pikel
  5954 | D:5      | Killed Pikel
  5954 | D:5      | Reached XP level 8. HP: 19/41 MP: 2/20
  6665 | D:5      | Killed Eustachio
  6990 | D:5      | Learned a level 3 spell: Tukima's Dance
  7757 | D:6      | Reached * piety under Vehumet
  7757 | D:6      | Offered knowledge of Shock by Vehumet.
  7884 | D:6      | Reached skill level 1 in Hexes
  7998 | D:6      | Learned a level 1 spell: Shock
  8585 | D:6      | Found a runed translucent door.
  8598 | D:6      | Noticed Crazy Yiuf
  8607 | D:6      | Killed Crazy Yiuf
  8954 | D:7      | Learned a level 5 spell: Fireball
  9056 | D:7      | Slain by a shadow

Levels and vault maps discovered:
D:1:      saegor_arrival_simple_d, layout_basic, nemelex_altar_shiori
D:2:      layout_loops_ring, minmay_heptomino_l4, uniq_sigmund
D:3:      gammafunk_wand_slinger, layout_loops_ring, serial_undead,
          serial_undead_a, serial_undead_d, serial_undead_d, serial_undead_a,
          first_ration, trog_book
D:4:      layout_cave_pools, minmay_temple_entry_tees
D:5:      layout_basic, nrook_campfire, uniq_eustachio, uniq_pikel
D:6:      layout_cave_pools, kennysheep_generic_room_7, uniq_crazy_yiuf_cottage
D:7:      layout_loops_ring, nicolae_tso_carved_into_rock,
          gammafunk_ghost_gnarly_gnolls, hangedman_decor_peaks_small,
          grunt_ogre_cave, chequers_serial_rivers_small_b,
          hangedman_abyss_or_decor_slice, uniq_joseph
Temple:   kilobyte_greek_temple

Skill      XL: |  1  2  3  4  5  6  7  8 |
---------------+-------------------------+-----
Fire Magic     | 4 5 6 |  6.8
Conjurations   | 2 3 4 5 6 8 |  8.2
Spellcasting   | 4 5 6 7 8 |  8.6
Dodging        | 3 |  3.5
Hexes          | 2 |  2.4
Stealth        | |  2.4

Action                   |  1- 3 |  4- 6 |  7- 9 || total
-------------------------+-------+-------+-------++-------
Melee: Unarmed           |     1 |     2 |       ||     3
       Club              |       |    14 |   120 ||   134
       Mace              |       |       |     4 ||     4
 Cast: Flame Tongue      |    55 |    98 |    40 ||   193
       Throw Flame       |       |    10 |     3 ||    13
       Conjure Flame     |       |     4 |     1 ||     5
       Sticky Flame      |       |     3 |    21 ||    24
       Dazzling Spray    |       |       |    28 ||    28
       Tukima's Dance    |       |       |     2 ||     2
       Shock             |       |       |     1 ||     1
Evoke: Wand              |       |       |     1 ||     1
  Use: Scroll            |       |       |    13 ||    13
 Stab: Sleeping          |       |     1 |     1 ||     2
  Eat: Ration            |     1 |     1 |     3 ||     5
       Chunk             |       |     4 |     6 ||    10
Armor: Robe              |     6 |    10 |    49 ||    65
Dodge: Dodged            |    21 |    30 |   139 ||   190

Table legend:
 A = Non-vault XP
 B = Vault XP
 C = Vault XP percentage of total XP
 D = Non-vault monster count
 E = Vault monster count
 F = Vault count percentage of total count
                 A         B        C        D         E       F
            +---------+---------+-------+---------+---------+-------
      Total |    1355 |    1323 |  49.4 |     101 |      18 |  15.1
            +---------+---------+-------+---------+---------+-------
        D:1 |      25 |       0 |   0.0 |      15 |       0 |   0.0
        D:2 |      62 |     235 |  79.1 |      14 |       4 |  22.2
        D:3 |     123 |     115 |  48.3 |      27 |       9 |  25.0
        D:4 |     391 |       0 |   0.0 |      14 |       0 |   0.0
        D:5 |     381 |     822 |  68.3 |      19 |       2 |   9.5
        D:6 |     203 |      75 |  27.0 |       8 |       2 |  20.0
        D:7 |     170 |      76 |  30.9 |       4 |       1 |  20.0
            +---------+---------+-------+---------+---------+-------
